 Dungeon Crawl Stone Soup version 0.26.0-45-g9c1d065592 (webtiles) character file.

Game seed: 6813455344037777097

623744 kaeus the Conqueror (level 27, 0/409 HPs)
             Began as a Minotaur Berserker on Jan 27, 2021.
             Was the Champion of Trog.
             Slain by an Orb Guardian (14 damage)
             ... on level 5 of the Realm of Zot.
             The game lasted 01:56:57 (58032 turns).

kaeus the Conqueror (Minotaur Berserker)           Turns: 58032, Time: 01:56:58

Health: 0/409      AC: 37    Str: 40    XL:     27
Magic:  31/31      EV: 23    Int:  9    God:    Trog [******]
Gold:   3977       SH: 32    Dex: 15    Spells: 26/26 levels left

rFire    + . .     SeeInvis .   I - +12 hand axe of Instant Death {vorpal, rPois rN+ Stlth+}
rCold    + . .     Faith    .   z - +2 tower shield {rC+}
rNeg     + + +     Spirit   .   s - +3 plate armour of Supple Strength {rElec Regen+}
rPois    +         Reflect  .   N - +2 hat
rElec    +         Harm     .   A - +1 cloak of Starlight {*Dazzle EV+4 Stlth--}
rCorr    .         Rampage  .   q - +3 pair of gauntlets of War {Slay+5}
Will     ++...     Rnd*Tele +   P - +2 pair of boots {run}
Stlth    ..........             X - amulet of Rousumn {Acrobat rC+ Str+6 Dex+4}
HPRegen  1.18/turn              D - ring "Egrar" {Fire rPois rN+++ Str-2 Slay+4}
MPRegen  0.22/turn              Y - ring "Bonlawk" {MP+9 Str+2 Int+5 Slay+4}

@: berserking, marked, vertigo, hasted, very quick
A: retaliatory headbutt, hooves 1, horns 2, teleportitis 1, MP-powered wands
}: 3/15 runes: decaying, silver, gossamer
a: Renounce Religion, Berserk, Trog's Hand, Brothers in Arms


You were on level 5 of the Realm of Zot.
You worshipped Trog.
Trog was exalted by your worship.
You visited 9 branches of the dungeon, and saw 49 of its levels.
You visited the Abyss 1 time.
You also visited: Ossuary, Gauntlet and Volcano.

You collected 7347 gold pieces.
You spent 3370 gold pieces at shops.

Inventory:

Hand Weapons
 g - a +9 vampiric broad axe
 u - the +7 Spriggan's Knife {stab, EV+4 Stlth+}
   (You found it on level 5 of the Vaults)

   It affects your evasion (+4).
   It makes you more stealthy.
 I - the +12 hand axe of Instant Death (weapon) {vorpal, rPois rN+ Stlth+}
   (You found it on level 3 of the Depths)

   It inflicts extra damage upon your enemies.
   It protects you from poison.
   It protects you from negative energy.
   It makes you more stealthy.
 L - a +9 broad axe of draining
Armour
 q - the +3 pair of gauntlets of War (worn) {Slay+5}
   (You bought it in a shop on level 3 of the Depths)

   It affects your accuracy and damage with ranged weapons and melee attacks
   (+5).
 s - the +3 plate armour of Supple Strength (worn) {rElec Regen+}
   (You found it on level 5 of the Vaults)

   It insulates you from electricity.
   It increases your rate of regeneration.
 z - a +2 tower shield of cold resistance (worn)
 A - the +1 cloak of Starlight (worn) {*Dazzle EV+4 Stlth--}
   (You found it on level 1 of the Spider Nest)

   It affects your evasion (+4).
   It makes you much less stealthy.
 N - a +2 hat (worn)
 P - a +2 pair of boots of running (worn)
Jewellery
 k - a +6 ring of strength
 r - the ring "Katin" {+Fly Str+4 Int-5 SInv}
   (You found it on level 5 of the Vaults)

   [ring of flight]

   It affects your strength (+4).
   It affects your intelligence (-5).
   It lets you see invisible.
   It lets you fly.
 t - an uncursed ring of protection from fire
 D - the ring "Egrar" (left hand) {Fire rPois rN+++ Str-2 Slay+4}
   (You bought it in a shop on level 2 of the Orcish Mines)

   [ring of fire]

   It enhances your fire magic.
   It affects your strength (-2).
   It affects your accuracy and damage with ranged weapons and melee attacks
   (+4).
   It protects you from fire.
   It makes you vulnerable to cold.
   It protects you from poison.
   It renders you almost immune to negative energy.
 F - an uncursed ring of protection from cold
 G - a +6 ring of intelligence
 R - an uncursed amulet of reflection
 V - an uncursed ring of resist corrosion
 X - the amulet of Rousumn (around neck) {Acrobat rC+ Str+6 Dex+4}
   (You bought it in a shop on level 2 of the Orcish Mines)

   [amulet of the acrobat]

   It helps you evade while moving and waiting.
   It affects your strength (+6).
   It affects your dexterity (+4).
   It protects you from cold.
 Y - the ring "Bonlawk" (right hand) {MP+9 Str+2 Int+5 Slay+4}
   (You found it on level 2 of the Elven Halls)

   [ring of slaying]

   It affects your strength (+2).
   It affects your intelligence (+5).
   It affects your accuracy and damage with ranged weapons and melee attacks
   (+4).
   It affects your magic capacity (+9).
Wands
 a - a wand of paralysis (33)
 b - a wand of polymorph (10)
 p - a wand of digging (22)
 v - a wand of enslavement (15)
 y - a wand of acid (40)
 J - a wand of disintegration (101)
 U - a wand of iceblast (20)
Scrolls
 e - 7 scrolls of fear
 f - 8 scrolls of identify
 i - 36 scrolls of remove curse
 m - 28 scrolls of teleportation
 n - 6 scrolls of blinking
 H - 11 scrolls of magic mapping
 K - 4 scrolls of summoning
 Q - 2 scrolls of silence
 W - a scroll of enchant armour
 Z - a scroll of acquirement
Potions
 c - 3 potions of cancellation
 d - 25 potions of curing
 h - 4 potions of mutation
 j - 14 potions of flight
 l - 6 potions of invisibility
 w - 15 potions of lignification
 x - 9 potions of might
 B - a potion of heal wounds
 E - 5 potions of resistance
 M - 7 potions of haste
 O - 7 potions of ambrosia
 S - a potion of berserk rage
Miscellaneous
 o - a phial of floods
 C - a lightning rod (4/4)
 T - a lightning rod (4/4)


   Skills:
 O Level 27 Fighting
 + Level 22.3 Axes
 + Level 22.4 Armour
 + Level 22.0 Dodging
 + Level 26.7 Shields
 - Level 5.0 Evocations


You had 26 spell levels left.
You didn't know any spells.
Your spell library contained the following spells:

 Spells                   Type           Power        Failure   Level
 Animate Skeleton         Necr           0%           83%         1
 Apportation              Tloc           0%           83%         1
 Corona                   Hex            0%           83%         1
 Summon Small Mammal      Summ           0%           83%         1
 Summon Demon             Summ           0%           100%        5
 Summon Forest            Summ/Tloc      0%           100%        5
 Summon Mana Viper        Hex/Summ       0%           100%        5
 Shadow Creatures         Summ           N/A          100%        6
 Summon Hydra             Summ           0%           100%        7


Dungeon Overview and Level Annotations

Branches:
Dungeon (15/15)            Temple (0/1) D:5            Lair (6/6) D:11
  Swamp (4/4) Lair:4       Spider (4/4) Lair:3        Slime (0/5) Lair:6
    Orc (2/2) D:12            Elf (3/3) Orc:2        Vaults (5/5) D:14
  Crypt (0/3) Vaults:3     Depths (5/5) D:15            Zot (5/5) Depths:5
Ossuary (visited)         Volcano (visited)         Gauntlet (visited)

Altars:
Dithmenos
Fedhas
Kikubaaqudgha
Nemelex Xobeh
Qazlal
Sif Muna
Xom
Yredelemnul
Zin
Beogh

Shops:
D:9 *   Orc:1 (   Orc:2 [=*:(   Elf:1 (   Elf:2 (!!*   Vaults:1 *   Depths:3 *

Portals:
Hell: Depths:1 Depths:2 Depths:3 Depths:4 Depths:5
Abyss: Depths:1 Depths:3 Depths:4
Pandemonium: Depths:1 Depths:3
Ziggurat: Depths:5
Trove: D:13 (show slimy rune of Zot)

Annotations:
D:3 1 runed translucent door


Innate Abilities, Weirdness & Mutations

You reflexively headbutt those who attack you in melee.
You have a pair of horns on your head.
You have large cloven feet.
You are occasionally teleported next to monsters.
You expend magic power (3 MP) to strengthen your wands.


Message History

You slice the Orb Guardian!! x2; You block the Orb Guardian's attack.
The Orb Guardian completely misses you.
The Orb Guardian's vision is obscured by starry radiance!
An Orb Guardian comes into view.
The Orb Guardian hits you but does no damage.
You slice the Killer Klown like a ripe choko!!!
You kill the Killer Klown!
Trog accepts your kill.
You hit the Orb Guardian but do no damage.
You hit the red draconian. You slice the moth of wrath!!
You feel the power of Trog in you as your rage grows.
You kill the moth of wrath!
Trog accepts your kill.
You catch the helpless Orb Guardian completely off-guard!
You slash the Orb Guardian! x2
The Orb Guardian hits you but does no damage.
You block the red draconian's attack.
Your cyclops barely misses the Orb Guardian.
The Orb Guardian hits you!
You die...

.........# #....................
.........## #.^..................
..........###..............X.....
########...###^....†............#
##....##.)...8......^...##
###.........).D.......##
#▓▓▓▓▓▓▓▓▓▓▓##....^▓
▓▓▓▓..d.^..).L....
##▓..XX@^C..D.. ..
#.....X)X...... ...X..XX.......
...*........... ...............
..X......§..... X..............
............... ...............


You could see an orb of fire, a golden dragon, a red draconian (berserk), 9 Orb
Guardians and a friendly cyclops (summoned, berserk).

Vanquished Creatures
  4 ancient liches
  An orb of fire (Zot:5)
  A juggernaut (Depths:5)
  Boris (Depths:5)
  7 Killer Klowns
  The ghost of Heoriaro the Bludgeoner, a legendary GnFi of Cheibriados (Zot:1)
  A caustic shrike (Depths:3)
  12 golden dragons
  A bone dragon (Abyss:3)
  An electric golem (Zot:1)
  A hellephant (Zot:1)
  20 tentacled monstrosities
  Jorgrun (Elf:1)
  13 Orb Guardians (Zot:5)
  A deep elf blademaster (Elf:2)
  A lich (Depths:1)
  8 titans
  8 quicksilver dragons
  An ancient champion (Depths:5)
  6 death cobs
  6 sphinxes
  The ghost of fitz the Bludgeoner, an adept GrFi of Makhleb (Spider:2)
  Kirke (Lair:4)
  2 thorn hunters (Swamp:3)
  11 shadow dragons
  A storm dragon (shapeshifter) (D:15)
  6 draconian monks
  3 tengu reavers
  26 storm dragons
  7 draconian knights
  13 vault wardens
  12 fire giants
  10 ghost moths
  2 azure jellies (Swamp:4)
  22 frost giants
  A cacodemon (Abyss:3)
  2 deep elf sorcerers
  3 draconian scorchers
  4 iron dragons
  Aizul (Vaults:3)
  The ghost of Sina Ilium the Warrior, a journeyman DrWn of Xom (Spider:1)
  6 emperor scorpions (Spider:4)
  Louise (Spider:1)
  A deep elf elementalist (Elf:2)
  11 ironheart preservers
  An orc warlord (Orc:2)
  25 stone giants
  5 spriggan defenders
  4 war gargoyles
  3 draconian stormcallers
  13 very ugly things
  2 draconian annihilators
  3 draconian shifters
  A stone giant (shapeshifter) (Depths:3)
  17 green draconians
  4 vampire knights
  3 deep elf demonologists
  15 white draconians
  9 black draconians
  3 deep elf annihilators
  6 red draconians
  8 yellow draconians
  A dire elephant (Zot:1)
  2 spark wasps
  A minotaur (Gauntlet)
  5 bunyips
  7 entropy weavers
  10 purple draconians
  2 merfolk impalers
  9 fire dragons
  3 eleionomae
  Snorg (Lair:5)
  4 deep elf death magi
  15 ettins
  4 deep elf high priests
  A shambling mangrove (Swamp:1)
  5 jiangshi
  8 great orbs of eyes
  Josephine (Orc:2)
  29 vault guards
  16 ice dragons
  Harold (D:7)
  11 hydras
  8 rakshasas
  A hell beast (Depths:5)
  15 yaktaur captains
  5 boulder beetles
  5 spriggan air magi
  13 centaur warriors
  2 catoblepae
  7 ghost crabs
  2 death knights
  22 dancing weapons
  37 two-headed ogres
  A two-headed ogre (shapeshifter) (Vaults:2)
  7 deep troll shamans
  An alligator (shapeshifter) (Gauntlet)
  3 vampire magi
  4 alligators
  5 deep troll earth magi
  16 ogre magi
  2 tengu warriors (Depths:5)
  A shock serpent (shapeshifter) (Depths:3)
  3 orc high priests
  21 deep elf knights
  Nergalle (D:11)
  5 spriggan berserkers
  Sonja (Lair:3)
  19 hell knights
  A sixfirhy (Abyss:3)
  2 soul eaters
  5 shadow wraiths
  4 spriggan druids
  10 iron trolls
  10 skeletal warriors
  A small abomination (Depths:3)
  3 goliath frogs
  A spatial maelstrom (Abyss:3)
  2 unseen horrors (shapeshifter)
  3 unseen horrors
  A deep troll (shapeshifter) (D:15)
  A death drake (shapeshifter) (Depths:4)
  5 glowing orange brains
  An infernal demonspawn (Depths:3)
  5 flayed ghosts
  18 deep trolls
  Pikel (D:9)
  4 bog bodies
  8 swamp dragons
  12 deep elf archers
  A swamp dragon (shapeshifter) (Vaults:5)
  A glowing orange brain (shapeshifter) (Vaults:5)
  7 wizards
  6 necromancers
  2 phantasmal warriors (Vaults:5)
  16 ironbrand convokers
  A harpy (shapeshifter) (Depths:1)
  61 deep elf magi
  8 large abominations
  19 orb spiders
  76 ugly things
  A salamander (shapeshifter) (Vaults:3)
  6 orc sorcerers
  6 cyclopes
  2 will-o-the-wisps
  42 wolf spiders
  A manticore (D:11)
  21 orc knights
  A faun (shapeshifter) (Vaults:3)
  A moth of wrath (shapeshifter) (Depths:4)
  Maurice (D:9)
  3 elephants (Zot:1)
  37 moths of wrath
  6 black mambas
  A smoke demon (Depths:3)
  A rust devil (Depths:5)
  A centaur zombie (D:7)
  2 orange demons
  An elephant (shapeshifter) (Depths:4)
  26 cane toads
  3 gargoyles
  20 vault sentinels
  Maggie (Lair:2)
  A hellion (Depths:3)
  A rime drake (Lair:6)
  A torpor snail (Spider:4)
  A human skeleton (Vaults:5)
  A cane toad (shapeshifter) (Depths:1)
  9 demonic crawlers
  14 freezing wraiths
  A yaktaur (shapeshifter) (D:15)
  6 tengu conjurers
  2 efreet (Zot:2)
  A komodo dragon (shapeshifter) (Vaults:2)
  2 kobold demonologists (D:13)
  7 komodo dragons
  23 yaktaurs
  A hellwing (Depths:1)
  An ancient zyme (Abyss:3)
  4 red devils (Depths:1)
  24 jumping spiders
  A jumping spider (shapeshifter) (Vaults:3)
  A tengu simulacrum (Vaults:5)
  4 polar bears
  10 trolls
  11 tyrant leeches
  11 raiju (Abyss:3)
  Prince Ribbit (D:7)
  An ettin zombie (Vaults:5)
  A hornet (shapeshifter) (Depths:1)
  6 hornets
  A polar bear (shapeshifter) (Depths:3)
  9 dream sheep (Lair:6)
  A raiju (shapeshifter) (Vaults:2)
  14 slime creatures
  20 blink frogs
  An elf simulacrum (Depths:5)
  An air elemental (Elf:1)
  A shadow (D:13)
  Sigmund (D:5)
  55 redbacks
  A vampire (D:14)
  5 flying skulls (Gauntlet)
  7 wyverns
  2 spriggans
  27 tarantellas
  A tarantella (shapeshifter) (D:15)
  6 basilisks
  2 water elementals
  23 yaks
  10 fire bats (Volcano)
  A hog (shapeshifter) (Depths:4)
  A human (shapeshifter) (Depths:2)
  4 wraiths (Orc:2)
  4 fire elementals
  6 humans (Zot:1)
  6 hogs (Lair:4)
  3 chaos spawn (Abyss:3)
  3 swamp worm simulacra (Swamp:4)
  4 wargs
  Menkaure (D:6)
  14 swamp worms
  8 vampire mosquitoes
  Edmund (D:5)
  2 acid dragons
  12 hydra simulacra (Swamp:4)
  A soldier ant (shapeshifter) (Vaults:1)
  17 water moccasins
  A floating eye (shapeshifter) (Vaults:2)
  A floating eye (Depths:3)
  4 hell hounds
  3 swamp drakes
  43 orc warriors
  3 sky beasts
  5 ice beasts
  An ice beast (shapeshifter) (Gauntlet)
  The ghost of canine the Covert, an amateur GnDe of Nemelex Xobeh (D:3)
  An ettin simulacrum (Vaults:3)
  7 necrophages (Lair:3)
  26 ogres
  A phantom (D:5)
  A black bear (shapeshifter) (Depths:4)
  45 centaurs
  2 wolves (D:11)
  9 boggarts
  An elf skeleton (Vaults:5)
  2 lemures (D:9)
  3 elf zombies (Elf:1)
  4 big kobolds
  32 bullfrogs
  2 earth elementals (Elf:1)
  A wyvern skeleton (D:9)
  7 scorpions
  6 killer bees (D:11)
  10 wights
  13 electric eels
  8 howler monkeys
  8 crimson imps
  7 lava snakes (Volcano)
  2 bullfrog zombies
  18 orc priests
  14 hounds
  Crazy Yiuf (D:7)
  3 centaur skeletons
  7 jellies
  18 orc wizards
  A bullfrog skeleton (D:12)
  Jessica (D:2)
  2 iguanas
  Ijyb (D:4)
  7 worker ants
  6 hell rats (Lair:4)
  A killer bee zombie (D:6)
  2 big kobold zombies (Ossuary)
  A hound skeleton (D:8)
  8 mummies (Ossuary)
  9 gnolls
  A howler monkey skeleton (D:8)
  2 river rats (D:3)
  15 adders
  2 shadow imps
  4 white imps
  3 ufetubi
  2 oozes (D:3)
  5 swamp drake simulacra (Swamp:4)
  3 dart slugs
  4 leopard geckos
  80 orcs
  2 ball pythons
  5 giant cockroaches
  2 gnoll zombies (Ossuary)
  7 goblins
  8 hobgoblins
  4 jackals
  28 kobolds
  5 quokkas
  4 bats
  A frilled lizard (D:2)
  A goblin zombie (D:5)
  2 hobgoblin zombies (Ossuary)
  A jackal skeleton (D:9)
  A jackal zombie (D:5)
  A kobold zombie (D:5)
  2 orc zombies (Ossuary)
  2 quokka skeletons
  4 rats
  3 crawling corpses (Depths:3)
  A plant (Depths:3)
2177 creatures vanquished.

Vanquished Creatures (collateral kills)
  An ancient lich (Zot:5)
  2 skeletal warriors (D:10)
  2 orc knights (Orc:2)
  An orc warrior (Orc:2)
6 creatures vanquished.

Vanquished Creatures (others)
  A white draconian (Zot:3)
  An alligator (Swamp:4)
  A deep elf knight (Elf:1)
  A will-o-the-wisp (Swamp:4)
  An ugly thing (Depths:2)
  2 moths of wrath
  2 bloated husks
  A hornet (Swamp:4)
  An air elemental (Elf:2)
  A spriggan (Swamp:4)
  A swamp worm (Swamp:4)
  An ogre (D:4)
  An elf zombie (Elf:1)
  An orc priest (D:12)
  2 leopard geckos (D:4)
  4 orcs
  12 foxfires
  40 fungi
  115 plants
189 creatures vanquished.

Grand Total: 2372 creatures vanquished

Notes
Turn   | Place    | Note
-------+----------+-------------------------------------------
     0 | D:1      | kaeus the Minotaur Berserker began the quest for the Orb.
     0 | D:1      | Reached XP level 1. HP: 19/19 MP: 0/0
   168 | D:1      | Reached XP level 2. HP: 27/27 MP: 1/1
   412 | D:1      | Reached skill level 4 in Fighting
   699 | D:1      | Reached XP level 3. HP: 33/33 MP: 2/2
   988 | D:2      | Noticed Jessica
   990 | D:2      | Killed Jessica
  1036 | D:2      | Reached XP level 4. HP: 37/41 MP: 3/3
  1498 | D:3      | Found a runed translucent door.
  1499 | D:3      | Noticed canine's ghost (amateur GnDe)
  1561 | D:3      | Reached ** piety under Trog
  1654 | D:3      | Killed canine's ghost
  1655 | D:3      | Reached skill level 5 in Fighting
  1655 | D:3      | Reached skill level 5 in Axes
  1655 | D:3      | Reached XP level 5. HP: 19/48 MP: 4/4
  1663 | D:3      | Found a runed translucent door.
  1962 | D:3      | Reached XP level 6. HP: 56/56 MP: 5/5
  2229 | D:4      | Noticed Ijyb
  2247 | D:4      | Killed Ijyb
  2337 | D:4      | Reached XP level 7. HP: 36/62 MP: 6/6
  2443 | D:4      | Found a shimmering altar of Xom.
  2630 | D:4      | Reached skill level 5 in Armour
  2864 | D:5      | Entered Level 5 of the Dungeon
  2870 | D:5      | Found an ancient bone altar of Kikubaaqudgha.
  2879 | D:5      | Found a sand-covered staircase.
  2894 | Ossuary  | Entered an ossuary
  2907 | Ossuary  | Reached *** piety under Trog
  2921 | Ossuary  | Reached skill level 1 in Shields
  2956 | Ossuary  | Reached skill level 6 in Fighting
  3407 | D:5      | Reached skill level 5 in Dodging
  3410 | D:5      | Found a staircase to the Ecumenical Temple.
  3437 | D:5      | Found a glowing silver altar of Zin.
  3462 | D:5      | Reached XP level 8. HP: 52/71 MP: 7/7
  3465 | D:5      | Reached **** piety under Trog
  3531 | D:5      | Noticed Edmund
  3544 | D:5      | Killed Edmund
  3657 | D:5      | Noticed Sigmund
  3664 | D:5      | Killed Sigmund
  3675 | D:5      | Reached skill level 7 in Fighting
  3868 | D:5      | Found a blossoming altar of Fedhas.
  4180 | D:6      | Noticed Menkaure
  4598 | D:6      | Killed Menkaure
  4767 | D:6      | Found an ancient bone altar of Kikubaaqudgha.
  5109 | D:6      | Reached XP level 9. HP: 77/79 MP: 8/8
  5272 | D:6      | Got a crude robe
  5283 | D:6      | Identified the cursed +1 robe of the Okapi {rPois Str-3
                  | Int+9} (You found it on level 6 of the Dungeon)
  5386 | D:7      | Reached skill level 5 in Shields
  5524 | D:7      | Reached skill level 8 in Fighting
  5525 | D:7      | Noticed Prince Ribbit
  5564 | D:7      | Killed Prince Ribbit
  5840 | D:7      | Found a sparkling altar of Nemelex Xobeh.
  6073 | D:7      | Gained mutation: You have large cloven feet. [potion of
                  | mutation]
  6073 | D:7      | Gained mutation: You are robust. (+10% HP) [potion of
                  | mutation]
  6074 | D:7      | Lost mutation: You are robust. (+10% HP) [potion of
                  | mutation]
  6074 | D:7      | Lost mutation: You have large cloven feet. [potion of
                  | mutation]
  6074 | D:7      | Gained mutation: Your mind is acute. (Int +2) [potion of
                  | mutation]
  6074 | D:7      | Gained mutation: You expend magic power (3 MP) to
                  | strengthen your wands. [potion of mutation]
  6074 | D:7      | Gained mutation: Your spells are a little easier to cast,
                  | but a little less powerful. [potion of mutation]
  6074 | D:7      | Gained mutation: You evolve. [potion of mutation]
  6075 | D:7      | Lost mutation: Your spells are a little easier to cast, but
                  | a little less powerful. [potion of mutation]
  6075 | D:7      | Lost mutation: You evolve. [potion of mutation]
  6075 | D:7      | Lost mutation: You expend magic power (3 MP) to strengthen
                  | your wands. [potion of mutation]
  6075 | D:7      | Lost mutation: Your mind is acute. (Int +2) [potion of
                  | mutation]
  6075 | D:7      | Gained mutation: Your spells are a little easier to cast,
                  | but a little less powerful. [potion of mutation]
  6075 | D:7      | Gained mutation: You are somewhat resistant to further
                  | mutation. [potion of mutation]
  6076 | D:7      | Lost mutation: You are somewhat resistant to further
                  | mutation. [potion of mutation]
  6076 | D:7      | Lost mutation: Your spells are a little easier to cast, but
                  | a little less powerful. [potion of mutation]
  6076 | D:7      | Gained mutation: Your body sometimes deteriorates upon
                  | taking damage. [potion of mutation]
  6076 | D:7      | Gained mutation: You are clumsy. (Dex -2) [potion of
                  | mutation]
  6076 | D:7      | Gained mutation: You have large cloven feet. [potion of
                  | mutation]
  6167 | D:7      | Found a runed translucent door.
  6168 | D:7      | Noticed Crazy Yiuf
  6365 | D:7      | Noticed Harold
  6368 | D:7      | Reached ***** piety under Trog
  6383 | D:7      | Killed Harold
  6384 | D:7      | Reached XP level 10. HP: 74/90 MP: 9/9
  6796 | D:7      | Killed Crazy Yiuf
  6863 | D:8      | Reached skill level 9 in Fighting
  8074 | D:9      | Found Roapej's General Store.
  8092 | D:9      | Bought a scroll of identify for 22 gold pieces
  8146 | D:9      | Noticed Maurice
  8156 | D:9      | Killed Maurice
  8217 | D:9      | Noticed Pikel
  8502 | D:9      | Got a warped ring mail
  8513 | D:9      | Identified the +4 ring mail "Yggeumunn" {Will+ Int+4} (You
                  | found it on level 9 of the Dungeon)
  8537 | D:9      | Killed Pikel
  8689 | D:9      | Found a shadowy altar of Dithmenos.
  8786 | D:10     | Entered Level 10 of the Dungeon
  8909 | D:10     | Received a gift from Trog
  9642 | D:11     | Reached skill level 10 in Fighting
  9642 | D:11     | Reached skill level 10 in Axes
 10087 | D:11     | Noticed an orc sorcerer
 10097 | D:10     | Reached XP level 11. HP: 76/99 MP: 10/10
 10317 | D:11     | Noticed a wizard
 10318 | D:11     | Noticed a deep elf annihilator
 10323 | D:10     | Killed an orc sorcerer
 10584 | D:10     | Killed a wizard
 11666 | D:11     | Noticed a skeletal warrior
 11669 | D:11     | Noticed a skeletal warrior
 11669 | D:11     | Noticed a skeletal warrior
 11670 | D:11     | Noticed a skeletal warrior
 11686 | D:10     | Killed a skeletal warrior
 11687 | D:10     | Reached skill level 10 in Armour
 11689 | D:10     | Killed a skeletal warrior
 12110 | D:10     | Killed a skeletal warrior
 12121 | D:10     | Killed a skeletal warrior
 12659 | D:11     | Found a staircase to the Lair.
 12705 | D:11     | Killed a deep elf annihilator
 13071 | D:11     | Noticed Nergalle
 13091 | D:11     | Killed Nergalle
 13096 | D:11     | Reached skill level 11 in Fighting
 13115 | D:11     | Reached skill level 12 in Fighting
 13115 | D:11     | Reached skill level 10 in Shields
 13115 | D:11     | Reached XP level 12. HP: 104/112 MP: 11/11
 13523 | D:11     | Reached skill level 10 in Dodging
 13854 | D:12     | Noticed a boulder beetle
 13875 | D:12     | Killed a boulder beetle
 13876 | D:12     | Reached XP level 13. HP: 29/119 MP: 12/12
 14667 | D:12     | Found a staircase to the Orcish Mines.
 14806 | Lair:1   | Entered Level 1 of the Lair of Beasts
 14808 | Lair:1   | Found the +4 skin of Zhor {Englaciate rC+++ SInv}
 15458 | Lair:1   | You fall into a shaft and drop 1 floor!
 15582 | Lair:2   | Reached skill level 13 in Fighting
 16643 | Lair:2   | Noticed Maggie
 16653 | Lair:2   | Killed Maggie
 16653 | Lair:2   | Received a gift from Trog
 17103 | Lair:3   | Found a hole to the Spider Nest.
 17237 | Lair:3   | Noticed Sonja
 17275 | Lair:3   | Killed Sonja
 17893 | Lair:4   | Found a dark tunnel.
 17926 | Lair:4   | Noticed Kirke
 17938 | Lair:4   | Killed Kirke
 17939 | Lair:4   | Reached XP level 14. HP: 129/129 MP: 13/13
 17940 | Lair:4   | Found a gate leading to a gauntlet.
 17947 | Gauntlet | Entered a Gauntlet
 17947 | Gauntlet | Found a transporter.
 17947 | Gauntlet | Found a transporter.
 17957 | Gauntlet | Found a transporter.
 17961 | Gauntlet | Found a transporter.
 17965 | Gauntlet | Found a runed translucent door.
 17965 | Gauntlet | Found a runed translucent door.
 17969 | Gauntlet | Found a transporter.
 17973 | Gauntlet | Found a transporter.
 17988 | Gauntlet | Found a transporter.
 17999 | Gauntlet | Found a transporter.
 18016 | Gauntlet | Found a transporter.
 18017 | Gauntlet | Found a transporter.
 18025 | Gauntlet | Found a transporter.
 18029 | Gauntlet | Found a transporter.
 18300 | Volcano  | Entered a volcano
 18521 | Volcano  | Found a burning altar of Makhleb.
 18846 | Lair:4   | Found a staircase to the Swamp.
 18855 | Lair:4   | Received a gift from Trog
 19450 | Lair:5   | Reached skill level 14 in Fighting
 19783 | Lair:5   | Noticed Snorg
 19793 | Lair:5   | Killed Snorg
 20266 | Lair:5   | Got an ichor-stained robe
 20267 | Lair:5   | Identified the +1 robe of the Devil's Team {Will- Str+3
                  | SInv} (You found it on level 5 of the Lair of Beasts)
 20281 | Lair:6   | Entered Level 6 of the Lair of Beasts
 20311 | Lair:6   | HP: 1/198 [ten-headed hydra (11)]
 20316 | Lair:6   | HP: 2/198 [poisoned by a cane toad]
 20322 | Lair:5   | HP: 3/132 [poisoned by a cane toad]
 20884 | Lair:6   | Received a gift from Trog
 21199 | Lair:6   | Found a staircase to the Slime Pits.
 21385 | Lair:6   | Reached XP level 15. HP: 139/139 MP: 14/14
 21984 | D:13     | Found a portal to a secret trove of treasure.
 22685 | Orc:1    | Entered Level 1 of the Orcish Mines
 22816 | Orc:1    | Found Vuoza's Weapon Boutique.
 22859 | Orc:2    | Entered Level 2 of the Orcish Mines
 22863 | Orc:2    | Found a staircase to the Elven Halls.
 22877 | Orc:2    | Found Foanus's Antique Weapon Boutique.
 22997 | Orc:2    | Found Desof's Jewellery Boutique.
 23006 | Orc:2    | Received a gift from Trog
 23028 | Orc:2    | Bought the ring "Egrar" {Fire rPois rN+++ Str-2 Slay+4} for
                  | 1047 gold pieces
 23056 | Orc:2    | Found a roughly hewn altar of Beogh.
 23094 | Orc:2    | Found Vogik's Antique Armour Shoppe.
 23108 | Orc:2    | Reached skill level 1 in Evocations
 23153 | Orc:2    | Noticed an orc warlord
 23166 | Orc:2    | Killed an orc warlord
 23582 | Orc:2    | Found Soppohau's General Store.
 23713 | Orc:2    | Found Rianugh's Book Shop.
 23787 | Orc:2    | Noticed Josephine
 23795 | Orc:2    | Killed Josephine
 23796 | Orc:2    | Reached skill level 15 in Axes
 24528 | D:14     | Reached skill level 15 in Fighting
 24599 | D:14     | Found a gate to the Vaults.
 25097 | D:14     | Received a gift from Trog
 25249 | D:15     | Entered Level 15 of the Dungeon
 25856 | D:15     | Noticed a storm dragon
 25857 | D:15     | a storm dragon changed into an entropy weaver
 25873 | D:15     | Noticed a storm dragon
 25873 | D:15     | a death yak changed into a storm dragon
 25884 | D:15     | Killed a storm dragon
 25885 | D:15     | Reached XP level 16. HP: 143/149 MP: 1/15
 25894 | D:15     | Found a staircase to the Depths.
 26207 | D:15     | Found a stormy altar of Qazlal.
 26509 | Orc:2    | Bought the amulet of Rousumn {Acrobat rC+ Str+6 Dex+4} for
                  | 975 gold pieces
 26554 | Orc:1    | Received a gift from Trog
 26867 | Elf:1    | Entered Level 1 of the Elven Halls
 26895 | Elf:1    | Reached ****** piety under Trog
 27677 | Elf:1    | Reached skill level 15 in Shields
 28000 | Elf:1    | Reached skill level 15 in Armour
 28095 | Elf:1    | Received a gift from Trog
 28175 | Elf:1    | Reached skill level 5 in Evocations
 28234 | Elf:1    | Noticed Jorgrun
 28244 | Elf:1    | Killed Jorgrun
 28278 | Elf:1    | Found Miruzi's Weapon Emporium.
 28322 | Elf:1    | Reached skill level 16 in Fighting
 28451 | Elf:2    | Got a faintly glowing golden ring
 28452 | Elf:2    | Identified the ring "Bonlawk" {MP+9 Str+2 Int+5 Slay+4}
                  | (You found it on level 2 of the Elven Halls)
 28539 | Elf:2    | Received a gift from Trog
 28716 | Elf:2    | Found a shimmering blue altar of Sif Muna.
 28809 | Elf:2    | Found Molipn's Distillery.
 28817 | Elf:2    | Bought 2 potions of heal wounds for 130 gold pieces
 28817 | Elf:2    | Bought a potion of mutation for 104 gold pieces
 28818 | Elf:2    | Lost mutation: Your body sometimes deteriorates upon taking
                  | damage. [potion of mutation]
 28818 | Elf:2    | Lost mutation: You are clumsy. (Dex -2) [potion of
                  | mutation]
 28818 | Elf:2    | Gained mutation: You expend magic power (3 MP) to
                  | strengthen your wands. [potion of mutation]
 29062 | Elf:2    | Found Noycoesh's Distillery.
 29081 | Elf:2    | Reached XP level 17. HP: 142/160 MP: 16/16
 29181 | Elf:2    | Found Xeesicoi's Antique Weapon Emporium.
 29181 | Elf:2    | Found Qufituu's General Store.
 29251 | Elf:2    | Found a runed translucent gate.
 29251 | Elf:2    | Found a runed translucent gate.
 29251 | Elf:2    | Found a runed translucent gate.
 29376 | Elf:2    | Noticed a deep elf blademaster
 29757 | Elf:2    | Killed a deep elf blademaster
 30122 | Elf:2    | Received a gift from Trog
 30658 | Elf:2    | Reached skill level 17 in Fighting
 30872 | Elf:3    | Entered Level 3 of the Elven Halls
 31141 | Swamp:1  | Entered Level 1 of the Swamp
 31153 | Swamp:1  | Reached skill level 15 in Dodging
 32573 | Swamp:2  | Got a polished plate armour
 32577 | Swamp:2  | Identified the cursed +1 plate armour of Impermeability
                  | {rC- Regen+ Int+5} (You found it on level 2 of the Swamp)
 32586 | Swamp:2  | Identified a scroll of acquirement
 32586 | Swamp:2  | Acquired 756 gold pieces
 32662 | Swamp:3  | Received a gift from Trog
 33057 | Swamp:4  | Entered Level 4 of the Swamp
 34476 | Swamp:4  | Reached XP level 18. HP: 105/171 MP: 17/17
 34839 | Swamp:4  | Received a gift from Trog
 34887 | Swamp:4  | Got a decaying rune of Zot
 35491 | Spider:1 | Entered Level 1 of the Spider Nest
 36042 | Spider:1 | Noticed Louise
 36055 | Spider:1 | Killed Louise
 36194 | Spider:1 | Found a runed translucent door.
 36195 | Spider:1 | Noticed Sina Ilium's ghost (journeyman DrWn)
 36329 | Spider:1 | Killed Sina Ilium's ghost
 36330 | Spider:1 | Reached skill level 18 in Fighting
 36332 | Spider:1 | Found the +1 cloak of Starlight {*Dazzle EV+4 Stlth--}
 36606 | Spider:2 | Found the +5 robe of Night {Dark Will+ SInv}
 36676 | Spider:2 | Found a runed translucent door.
 36677 | Spider:2 | Noticed fitz's ghost (adept GrFi)
 37262 | Spider:2 | Killed fitz's ghost
 37708 | Spider:3 | Received a gift from Trog
 38441 | Spider:4 | Entered Level 4 of the Spider Nest
 38733 | Spider:4 | Received a gift from Trog
 39330 | Spider:4 | Reached XP level 19. HP: 180/181 MP: 15/18
 39391 | Spider:4 | Received a gift from Trog
 39512 | Spider:4 | Got a gossamer rune of Zot
 39918 | Vaults:1 | Entered Level 1 of the Vaults
 39945 | Vaults:1 | Reached skill level 19 in Fighting
 40875 | Vaults:1 | Found Fuiluet's General Store.
 41118 | Vaults:2 | Received a gift from Trog
 41337 | Vaults:2 | Paralysed by an ogre mage for 2 turns
 41635 | Vaults:2 | Reached XP level 20. HP: 193/193 MP: 19/19
 42093 | Vaults:2 | Received a gift from Trog
 42094 | Vaults:2 | Reached skill level 20 in Fighting
 42311 | Vaults:3 | Noticed Aizul
 42321 | Vaults:3 | Killed Aizul
 42905 | Vaults:3 | Received a gift from Trog
 43084 | Vaults:3 | Found a staircase to the Crypt.
 43084 | Vaults:3 | Found a basalt altar of Yredelemnul.
 43085 | Vaults:3 | Found an ancient bone altar of Kikubaaqudgha.
 43748 | Vaults:4 | Gained mutation: You are occasionally teleported next to
                  | monsters. [a cacodemon]
 43754 | Vaults:4 | Cast into level 3 of the Abyss (a deep elf demonologist)
 43762 | Abyss:3  | Noticed a bone dragon
 43774 | Abyss:3  | Killed a bone dragon
 43862 | Abyss:3  | Received a gift from Trog
 43915 | Abyss:3  | Reached skill level 21 in Fighting
 43933 | Vaults:4 | Escaped the Abyss
 44174 | Vaults:4 | Paralysed by a great orb of eyes for 6 turns
 44380 | Vaults:4 | Reached XP level 21. HP: 204/204 MP: 20/20
 45119 | Vaults:5 | Entered Level 5 of the Vaults
 45125 | Vaults:5 | Received a gift from Trog
 45149 | Vaults:5 | Reached skill level 22 in Fighting
 45350 | Vaults:5 | Noticed an ancient lich
 45356 | Vaults:5 | Killed an ancient lich
 45357 | Vaults:5 | Reached skill level 23 in Fighting
 45403 | Vaults:5 | Identified the +7 dire flail of Massacring {drain, Stlth+}
 45411 | Vaults:5 | Received a gift from Trog
 45415 | Vaults:5 | Noticed an ancient lich
 45430 | Vaults:5 | Killed an ancient lich
 45440 | Vaults:5 | Identified the amulet "Ocuta" {Acrobat *Drain rElec Int+5
                  | Dex-3}
 45445 | Vaults:5 | Identified the +6 double sword of Dawn {elec, Str-5 Dex+7
                  | SInv}
 45481 | Vaults:5 | Got a steaming wooden ring
 45482 | Vaults:5 | Identified the ring of the Several Persimmons {+Inv rPois
                  | Int+3} (You found it on level 5 of the Vaults)
 45554 | Vaults:5 | Reached XP level 22. HP: 222/222 MP: 21/21
 45569 | Vaults:5 | Reached skill level 24 in Fighting
 45589 | Vaults:5 | Identified the +1 spear of Hugounats {venom, rPois Int+3
                  | Dex+2 Stlth-}
 45855 | Vaults:5 | Got a silver rune of Zot
 46176 | Vaults:5 | Found the +7 Spriggan's Knife {stab, EV+4 Stlth+}
 46195 | Vaults:5 | Got a crystal great sword
 46237 | Vaults:5 | Identified the Grimoire of Execration and Venom
 46251 | Vaults:5 | Identified the cursed +1 great sword of kaeus's
                  | Dismemberment {drain, +Blink} (You found it on level 5 of
                  | the Vaults)
 46301 | Vaults:5 | Got a slimy bronze ring
 46318 | Vaults:5 | Received a gift from Trog
 46335 | Vaults:5 | Identified the ring "Cugics" {Will+ EV+4 Slay+3} (You found
                  | it on level 5 of the Vaults)
 46458 | Vaults:5 | Noticed a golden dragon
 46466 | Vaults:5 | Killed a golden dragon
 46560 | Vaults:5 | Got a fine buckler
 46561 | Vaults:5 | Identified the cursed +0 buckler "Lystruax" {rPois rC+
                  | Slay-6} (You found it on level 5 of the Vaults)
 46636 | Vaults:5 | Got a shimmering granite ring
 46749 | Vaults:5 | Got a jewelled plate armour
 46750 | Vaults:5 | Identified the +3 plate armour of Supple Strength {rElec
                  | Regen+} (You found it on level 5 of the Vaults)
 46751 | Vaults:5 | Identified the ring "Katin" {+Fly Str+4 Int-5 SInv} (You
                  | found it on level 5 of the Vaults)
 46767 | Vaults:5 | Got a brightly glowing long sword
 46768 | Vaults:5 | Identified the cursed +2 long sword "Rudogg" {freeze, Str+4
                  | Dex+2} (You found it on level 5 of the Vaults)
 46819 | Vaults:5 | Got a warped fustibalus
 46820 | Vaults:5 | Identified the cursed +2 fustibalus of the Freezing Bear
                  | {venom, Will+ Str-2 Int+3 Dex+6} (You found it on level 5
                  | of the Vaults)
 47012 | Depths:1 | Entered Level 1 of the Depths
 47012 | Depths:1 | Found a one-way gate to the infinite horrors of the Abyss.
 47091 | Depths:1 | Found a gateway to Hell.
 47108 | Depths:1 | Reached skill level 25 in Fighting
 47197 | Depths:1 | Received a gift from Trog
 47231 | Depths:1 | Found a one-way gate leading to the halls of Pandemonium.
 47665 | Depths:2 | Paralysed by a great orb of eyes for 3 turns
 47993 | Depths:2 | Noticed a golden dragon
 48004 | Depths:2 | Killed a golden dragon
 48077 | Depths:2 | Reached XP level 23. HP: 234/234 MP: 22/22
 48080 | Depths:2 | Received a gift from Trog
 49236 | Depths:3 | Found Ojic's General Store.
 49245 | Depths:3 | Bought the +3 pair of gauntlets of War {Slay+5} for 1092
                  | gold pieces
 49245 | Depths:3 | Found the +3 pair of gauntlets of War {Slay+5}
 49434 | Depths:3 | Received a gift from Trog
 49584 | Depths:3 | Reached skill level 26 in Fighting
 49608 | Depths:3 | Noticed a caustic shrike
 49616 | Depths:3 | Killed a caustic shrike
 49793 | Depths:3 | Got a smoking hand axe
 49794 | Depths:3 | Identified the +12 hand axe of Instant Death {vorpal, rPois
                  | rN+ Stlth+} (You found it on level 3 of the Depths)
 50061 | Depths:3 | Identified a +1 pair of boots of running (You found it on
                  | level 3 of the Depths)
 50082 | Depths:3 | Got a warped flail
 50083 | Depths:3 | Identified the +10 flail of Jitiuzez {pain, *Noise Str+7}
                  | (You found it on level 3 of the Depths)
 50412 | Depths:4 | Received a gift from Trog
 50838 | Depths:4 | Reached XP level 24. HP: 247/247 MP: 22/22
 51346 | Depths:5 | Entered Level 5 of the Depths
 51539 | Depths:5 | Received a gift from Trog
 51549 | Depths:5 | Noticed a juggernaut
 51559 | Depths:5 | Killed a juggernaut
 51873 | Depths:5 | Noticed Boris
 51891 | Depths:5 | Killed Boris
 51954 | Depths:5 | Found a gateway to a ziggurat.
 52010 | Depths:5 | Found a gate to the Realm of Zot.
 52015 | Depths:5 | Reached skill level 27 in Fighting
 52495 | Zot:1    | Entered Level 1 of the Realm of Zot
 52968 | Zot:1    | Received a gift from Trog
 53068 | Zot:1    | Found a runed translucent gate.
 53068 | Zot:1    | Found a runed translucent gate.
 53068 | Zot:1    | Found a runed translucent gate.
 53068 | Zot:1    | Noticed Heoriaro's ghost (legendary GnFi)
 53321 | Zot:1    | Noticed a Killer Klown
 53322 | Zot:1    | Noticed a Killer Klown
 53323 | Zot:1    | Noticed a Killer Klown
 53324 | Zot:1    | Noticed a Killer Klown
 53334 | Zot:1    | Killed a Killer Klown
 53338 | Zot:1    | Killed a Killer Klown
 53340 | Zot:1    | Killed a Killer Klown
 53340 | Zot:1    | Killed a Killer Klown
 53351 | Zot:1    | Reached XP level 25. HP: 257/257 MP: 22/22
 53634 | Zot:1    | Killed Heoriaro's ghost
 54357 | Zot:2    | Received a gift from Trog
 54856 | Zot:2    | Noticed a Killer Klown
 54885 | Zot:2    | Killed a Killer Klown
 55504 | Zot:3    | Received a gift from Trog
 55608 | Zot:3    | Reached XP level 26. HP: 266/266 MP: 22/22
 56733 | Zot:4    | Received a gift from Trog
 57293 | Zot:5    | Entered Level 5 of the Realm of Zot
 57396 | Zot:5    | Noticed an orb of fire
 57409 | Zot:5    | Killed an orb of fire
 57744 | Zot:5    | Noticed an orb of fire
 57821 | Zot:5    | Noticed an ancient lich
 57833 | Zot:5    | Killed an ancient lich
 57969 | Zot:5    | Noticed an ancient lich
 57979 | Zot:5    | Killed an ancient lich
 57998 | Zot:5    | Received a gift from Trog
 57998 | Zot:5    | Noticed an ancient lich
 58009 | Zot:5    | Reached XP level 27. HP: 80/273 MP: 22/22
 58024 | Zot:5    | HP: 12/273 [Orb Guardian (47)]
 58025 | Zot:5    | Killed an ancient lich
 58026 | Zot:5    | Noticed an orb of fire
 58032 | Zot:5    | Slain by an Orb Guardian

Illustrated notes

Levels and vault maps discovered:
D:1:      ncdulo_smallfort, layout_basic
D:2:      layout_basic, uniq_jessica
D:3:      layout_rooms, ebering_ghost_sewer_f
D:4:      layout_loops_cross, xom_confusion_cloud, uniq_ijyb
D:5:      layout_cave_pools, old_standard_altar,
          minmay_temple_entry_purple_smoke, basic_altar, enter_ossuary_3,
          fedhas_ov_isle_minmay, uniq_edmund, uniq_sigmund
D:6:      layout_loops_cross, lemuel_altar_in_water, uniq_menkaure
D:7:      layout_basic, kennysheep_mini, uniq_prince_ribbit1,
          uniq_crazy_yiuf_cottage, uniq_harold
D:8:      layout_basic
D:9:      layout_cave_pools, old_standard_altar, serial_shops, shop,
          st_stairs_5, hive_lemuel, uniq_maurice, uniq_pikel
D:10:     layout_irregular_city
D:11:     cheibrodos_wizards_tower, layout_long_grid, erik_lair_island,
          uniq_nergalle
D:12:     layout_loops_ring, erik_orc_2
D:13:     layout_basic, nicolae_trove_entry_crossroad,
          hangedman_decor_clover_reticule
D:14:     layout_roguey, erik_vaults_1, chequers_serial_rivers_small_b,
          hangedman_abyss_or_decor_stagger
D:15:     gammafunk_enter_depths_forms, layout_long_grid, basic_altar,
          fountainhead
Lair:1:   layout_gridlike, grunt_megastairs_1, lemuel_fruit_fields
Lair:2:   layout_hall_layers, uniq_maggie
Lair:3:   layout_gridlike, nicolae_spider_entry_orb_guardian, special_room,
          roderic_carrion_pond, lemuel_fruit_fields, uniq_sonja
Lair:4:   layout_loops_ring, swamp_mist_pool, gauntlet_entry_generic,
          enter_volcano_1, minmay_stone_trees_small, uniq_kirke
Lair:5:   layout_layer_cave, nicolae_quartered_pool_medium, uniq_snorg
Lair:6:   minmay_lair_end_frog_pond, layout_misc_corridors, slime_dummy
Swamp:1:  layout_falls_marsh, nicolae_swamp_feature_on_the_river_bank
Swamp:2:  layout_basic_swamp, evilmike_swamp_ruin_house_1
Swamp:3:  layout_falls_marsh, nicolae_swamp_fairy_circle, swamp_pool4
Swamp:4:  swamp_icy, layout_basic_swamp
Spider:1: layout_spider_delve, ebering_ghost_inner_flame, drop_trap, uniq_louise
Spider:2: cheibrodos_spider_silkery, ebering_ghost_reflecting_pool
Spider:3: layout_chambers, spiders_nest_hornet_nest
Spider:4: grunt_spider_rune_circles, hangedman_spider_tarantella_strand
Orc:1:    layout_caves, serial_shops, shop
Orc:2:    grunt_orc_gardens, layout_caves, grunt_orc_garden, grunt_orc_garden,
          grunt_orc_garden, grunt_orc_garden, basic_altar, serial_shops,
          nicolae_shop_window_shopping, uniq_josephine
Elf:1:    eino_elf_arrival_customs, layout_geoelf_grid, serial_shops,
          nicolae_shop_behind_doors, minmay_elf_necromancy, uniq_jorgrun
Elf:2:    layout_geoelf_grid, basic_altar, serial_shops, shop, shop,
          nicolae_shop_window_shopping, nicolae_shop_statue_plus,
          elves_outpost_lemuel
Elf:3:    elf_hall_gauntlet_narrow, layout_onion_city, grunt_ministairs_4
Vaults:1: vaults_room_pools, nicolae_vaults_ring_of_whatevers,
          hangedman_vaults_hard_town_square, v_misc_15, v_misc_19,
          grunt_vaults_twisty, vaults_room_grunt_arrival_ludios,
          ontoclasm_vaults_chip, vaults_room_pool, layout_vaults_chaotic_city,
          serial_shops, nicolae_shop_statue_plus
Vaults:2: vaults_room_stairs_pillars, nicolae_vaults_triangles, v_misc_32,
          nicolae_vaults_little_ls, hangedman_vaults_snaps,
          hangedman_vaults_corner, dpeg_vaults_waves, vaults_room_grid,
          nicolae_vaults_what_the_h, hangedman_vaults_corner_blocks,
          ontoclasm_vaults_pinch, dpeg_vaults_monster_box, vaults_room_pools,
          grunt_vaults_hallway_short, vaults_room_pool, layout_vaults_omnicross
Vaults:3: nicolae_vaults_minivaults, v_misc_28, v_misc_3,
          minmay_crypt_entry_necro_gods, v_rooms_3,
          nicolae_vaults_bisected_exclaves, v_misc_25,
          hangedman_vaults_variations, vaults_dpeg_spiral,
          nicolae_vaults_puzzle_piece, v_misc_16,
          nicolae_vaults_ring_of_whatevers, v_misc_15,
          nicolae_vaults_shelves_hall, vaults_room_stairs_pillars,
          layout_vaults_omnibox, uniq_aizul
Vaults:4: v_misc_5, nicolae_vaults_little_squares_1, v_pattern_2,
          nicolae_vaults_display_case, nicolae_vaults_mini_display_case,
          v_rooms_6, nicolae_vaults_rhombus_5, vaults_room_door_ring,
          layout_vaults_omnigrid
Vaults:5: serial_shops
Depths:1: layout_cave_shapes, rand_demon_pan_entry_5, hellmouth_3, abyss_entry,
          ebering_dispersal_statue_hall, grunt_ministairs_14,
          kennysheep_cross_room, serial_sigils_hangedman_gnaw,
          kennysheep_generic_room_10
Depths:2: minmay_swirls_squares, layout_honeycomb, serial_bayou_shore_b,
          hell_entry, infiniplex_staircase_squiggle
Depths:3: evilmike_pillar_path, layout_gridlike, serial_shops,
          nicolae_shop_waterfront, abyss_entry, rand_demon_pan_entry_4,
          hell_entry, evilmike_butchery, minmay_staircase_statues_hall_small
Depths:4: minmay_the_grid_3x3 [minmay_the_grid_all_tris,
          minmay_the_grid_tiny_cups, minmay_the_grid_paths,
          minmay_the_grid_mess, minmay_the_grid_broken_lines,
          minmay_the_grid_diamond_grid, minmay_the_grid_expand,
          minmay_the_grid_dragon_a, minmay_the_grid_prize_shrinking_boxes],
          layout_cave_shapes, serial_bayou_lagoon_a,
          abyss_entry_small_statue_room, pf_dread_powers_of_hell,
          infiniplex_staircase_zigzag_2
Depths:5: grunt_twist_and_shout, layout_basic, enter_ziggurat_f,
          nrook_mini_vaults, grunt_mini_vestibule, uniq_boris
Zot:1:    circus_mu, layout_gridlike, ebering_ghost_rock_garden, st_stairs_8,
          grunt_megastairs_2
Zot:2:    lemuel_halls_of_wrath, layout_basic, hangedman_snake_sidewinding
Zot:3:    layout_misc_corridors
Zot:4:    layout_concentric_octagons
Zot:5:    layout_misc_corridors, nrook_zot_tub

Skill      XL: |  1  2  3  4  5  6  7  8  9 10 11 12 13 14 15 16 17 18 19 20 21 22 23 24 25 26 27 |
---------------+----------------------------------------------------------------------------------+-----
Axes           | 4 5 6 7 8 10 12 13 14 15 16 17 18 19 20 21 22 | 22.3
Fighting       | 4 5 6 7 8 10 12 13 14 15 16 17 18 19 21 23 25 26 27 | 27.0
Armour         | 3 4 5 6 8 9 10 11 12 13 14 15 17 18 19 20 21 22 | 22.4
Dodging        | 3 4 5 6 7 8 9 10 11 12 13 14 15 16 17 19 20 21 22 | 22.0
Shields        | 2 4 6 8 10 11 12 13 14 15 17 21 24 25 26 | 26.7
Evocations     | 3 5 |  5.0

Action                   |  1- 3 |  4- 6 |  7- 9 | 10-12 | 13-15 | 16-18 | 19-21 | 22-24 | 25-27 || total
-------------------------+-------+-------+-------+-------+-------+-------+-------+-------+-------++-------
Melee: Hand axe          |    48 |   125 |   294 |   389 |       |       |       |   528 |   684 ||  2068
       Headbutt          |     9 |    27 |    65 |    75 |   216 |   283 |   362 |   457 |   280 ||  1774
       Kick              |       |       |    14 |   132 |   117 |       |       |       |       ||   263
       War axe           |       |       |       |    24 |   348 |       |       |       |       ||   372
       Broad axe         |       |       |       |       |   699 |   978 |   942 |   585 |       ||  3204
Invok: Berserk           |       |       |     1 |    10 |     9 |     7 |     5 |     2 |     9 ||    43
       Trog's Hand       |       |       |       |     3 |     4 |     2 |     1 |       |     4 ||    14
       Brothers in Arms  |       |       |       |     1 |     1 |       |       |       |     1 ||     3
  Use: Scroll            |       |     4 |    15 |    17 |    15 |    18 |     4 |    13 |     1 ||    87
       Potion            |       |       |     4 |     2 |     3 |     7 |       |     1 |    14 ||    31
 Stab: Petrified         |       |       |       |       |     2 |       |       |       |       ||     2
       Petrifying        |       |       |       |       |     1 |       |       |       |       ||     1
       Distracted        |       |       |       |       |     1 |     3 |     1 |     1 |       ||     6
       Sleeping          |       |       |       |       |     1 |       |       |       |       ||     1
       Confused          |       |       |       |       |       |     1 |       |       |       ||     1
       Invisible         |       |       |       |       |       |     7 |    14 |     7 |    13 ||    41
Armor: Animal skin       |     2 |       |       |       |       |       |       |       |       ||     2
       Chain mail        |    25 |    68 |    93 |       |       |   297 |   187 |    29 |       ||   699
       Plate armour      |       |       |     2 |    21 |       |       |       |   165 |   138 ||   326
       Ring mail         |       |       |       |    85 |   321 |    20 |       |       |       ||   426
Dodge: Dodged            |    28 |    51 |    74 |   147 |   419 |   617 |   480 |   401 |   409 ||  2626
Block: Kite shield       |       |    23 |   166 |   320 |   933 |   866 |   703 |    70 |       ||  3081
       Tower shield      |       |       |       |       |       |       |       |   866 |   769 ||  1635
